 Dungeon Crawl Stone Soup version 0.19.5 (webtiles) character file.

63 equalderp2856 the Scratcher (level 3, 0/17 HPs)
             Began as a Felid Fighter on Mar 29, 2017.
             Slain by a kobold
             ... wielding a +0 short sword
              (5 damage)
             ... on level 2 of the Dungeon.
             The game lasted 00:04:00 (2206 turns).

equalderp2856 the Scratcher (Felid Fighter)         Turns: 2206, Time: 00:04:01

Health: 0/17       AC:  1    Str: 13    XL:     3   Next: 89%
Magic:  4/4        EV: 19    Int: 14    God:
Gold:   31         SH:  0    Dex: 15    Spells: 0 memorised, 2 levels left
                                        Lives:  0   Deaths: 0

rFire  . . .     SeeInvis +       - Unarmed
rCold  . . .     Gourm    .     (armour unavailable)
rNeg   . . .     Faith    .     (shield unavailable)
rPois  .         Spirit   .     (helmet unavailable)
rElec  .         Reflect  .     (cloak unavailable)
rCorr  .         Harm     .     (gloves unavailable)
MR     .....                    (boots unavailable)
Stlth  ++........               (no amulet)
                                (no ring)
                                (no ring)

@: brilliant, lethally poisoned (0 -> -6), flying, quick
A: no armour, no weapons or thrown items, stealth, claws 1, fangs 3, see
invisible, carnivore 3, speed 1, shaggy fur 1, slow metabolism 1, sharp paws
a: no special abilities


You were on level 2 of the Dungeon.
You were full.

You visited 1 branch of the dungeon, and saw 2 of its levels.

You collected 31 gold pieces.

Inventory:

Jewellery
 e - a cursed ring of teleportation {unknown}
Scrolls
 c - 3 scrolls of remove curse {unknown}
 f - a scroll of teleportation {unknown}
 h - a scroll of random uselessness {unknown}
 i - a scroll of magic mapping {unknown}
 j - 2 scrolls of recharging {unknown}
Potions
 a - a potion of might
Comestibles
 b - a meat ration
 d - 5 bread rations
 g - a slice of pizza


   Skills:
 + Level 3.3 Fighting
 + Level 4.5 Dodging
 + Level 0.4 Stealth
 + Level 5.0 Unarmed Combat


You had 2 spell levels left.
You didn't know any spells.

Dungeon Overview and Level Annotations

Branches:
Dungeon (2/15)

Altars:


Innate Abilities, Weirdness & Mutations

You cannot wear armour.
You are incapable of wielding weapons or throwing items.
Your paws allow you to move quietly. (Stealth)
You have sharp claws.
You have razor-sharp teeth.
You have supernaturally acute eyesight. (SInv)
You are carnivorous and can eat meat at any time.
You cover ground quickly.
You are covered in fur. (AC +1)
You have a slow metabolism.
Your sharp claws are effective at attacking unaware monsters.


Message History

You feel sick.
You feel sick.
A kobold comes into view.
Found 5 gold pieces.
Found an escape hatch in the ceiling.
A kobold comes into view. It is wielding a short sword.
You feel sick.
The kobold shouts!
The kobold throws a stone.
The stone barely misses you.
You see here a stone.
The kobold throws a stone.
The stone closely misses you.
* * * LOW HITPOINT WARNING * * *
You feel sick.
The kobold shouts!
You claw the kobold!
You kill the kobold!
The kobold misses you.
You see here a kobold corpse.
You scratch the kobold but do no damage.
The kobold hits you with a short sword.
You die...

####### #.....# #.....#
######.....#
#..........+ ######
#...<......# #.....
#....K@..$.# #.....
#..........# #.....
#..........# #.....
#..........#######.....
#.........(............
#.....#################
#..... ######


You could see a kobold.

Vanquished Creatures
  A gnoll (D:1)
  An adder (D:2)
  A worm (D:2)
  2 dart slugs (D:1)
  2 leopard geckos (D:1)
  3 bats (D:1)
  2 goblins
  9 hobgoblins
  3 jackals (D:1)
  2 kobolds
  4 frilled lizards
  4 rats
34 creatures vanquished.

Notes
Turn   | Place    | Note
-------+----------+-------------------------------------------
     0 | D:1      | equalderp2856 the Felid Fighter began the quest for the Orb.
     0 | D:1      | Reached XP level 1. HP: 10/10 MP: 2/2
    84 | D:1      | Reached XP level 2. HP: 8/14 MP: 3/3
   803 | D:1      | Reached XP level 3. HP: 2/17 MP: 4/4
  1985 | D:2      | Found a faded altar of an unknown god.
  2192 | D:2      | Reached skill level 5 in Unarmed Combat
  2206 | D:2      | Slain by a kobold

Skill      XL: |  1  2  3 |
---------------+----------+-----
Unarmed Combat | 5 |  5.0
Fighting       | |  3.3
Dodging        | |  4.5
Stealth        | |  0.4

Action                   || total
-------------------------++-------
Melee: Unarmed           ||    82
       Bite              ||     9
       Punch             ||     2
  Use: Potion            ||     2
 Stab: Sleeping          ||     1
  Eat: Chunk             ||     6
Dodge: Dodged            ||    60
